 Dungeon Crawl Stone Soup version 0.29.1-1-gd02db6906a (webtiles) character file.

Game seed: 11963247913570844181

784 sentinel the Digger (level 8, 57/57 HPs)
             Began as a Meteoran Earth Elementalist on Sept 25, 2022.
             Quit the game on level 7 of the Dungeon.
             The game lasted 00:08:53 (970 turns).

sentinel the Digger (Meteoran Earth Elementalist)    Turns: 970, Time: 00:08:53

Health: 57/57      AC:  3    Str: 10    XL:     8   Next: 33%
Magic:  27/27      EV: 12    Int: 19    God:
Gold:   0          SH:  0    Dex: 16    Spells: 13/19 levels left

rFire   . . .      SeeInvis .   e - +7 long sword of the Solstice {pain, rC+ MP+9 Dex+2}
rCold   + + .      Faith    .   (no shield)
rNeg    . . .      Spirit   .   a - +0 robe
rPois   .          Reflect  .   (no helmet)
rElec   .          Harm     .   (no cloak)
rCorr   .          Rampage  .   (no gloves)
Will    +....                   d - +0 pair of boots
Stlth   +.........              (no amulet)
HPRegen 0.19/turn               c - ring of protection from cold
MPRegen 0.20/turn               (no ring)

@: glowing
A: sense surroundings 1, otherworldly, glowing, explore regen
a: no special abilities


You were on level 7 of the Dungeon.
You visited 1 branch of the dungeon, and saw 8 of its levels.

Inventory:

Hand Weapons
 e - the +7 long sword of the Solstice (weapon) {pain, rC+ MP+9 Dex+2}
   (You found it on level 7 of the Dungeon)

   In the hands of one skilled in necromantic magic, it inflicts extra damage on
   living creatures.
   Dex:       It affects your dexterity (+2).
   rC:        It protects you from cold.
   MP:        It affects your magic capacity (+9).
Armour
 a - a +0 robe (worn)
 d - a +0 pair of boots (worn)
Jewellery
 c - a ring of protection from cold (left hand)
Wands
 A - a wand of light (4)
Scrolls
 f - a scroll of immolation
 i - a scroll of enchant weapon
 t - 3 scrolls of teleportation
Potions
 b - 3 potions of magic
 g - a potion of flight {unknown}
 h - 2 potions of curing {unknown}
 w - a potion of heal wounds
 M - 2 potions of mutation


   Skills:
 - Level 2.4 Dodging
 - Level 1.4 Stealth
 + Level 6.0 Spellcasting
 - Level 5.0 Conjurations
 - Level 1.2 Transmutations
 + Level 7.7 Earth Magic


You had 13 spell levels left.
You knew the following spells:

 Your Spells              Type           Power      Damage    Failure   Level
a - Sandblast             Erth           70%        2d15      1%          1
b - Stone Arrow           Conj/Erth      58%        3d10      2%          3
c - Passwall              Tmut/Erth      18%        N/A       2%          2

Your spell library contained the following spells:

 Spells                   Type           Power      Damage    Failure   Level
 Petrify                  Tmut/Erth      22%        N/A       17%         4


Dungeon Overview and Level Annotations

Branches:
Dungeon (8/15) Zot: 3794
 Temple: D:4-7         Lair: D:8-11

Altars:
Ashenzari
Fedhas
Okawaru
Uskayaw
Yredelemnul
Zin

Shops:
D:6 *

Annotations:
D:6 Duvessa
D:7 Joseph


Innate Abilities, Weirdness & Mutations

You passively map a small area around you.
You are easily found by Zot.
You glow in the dark.
You regain HP and MP as you explore.


Message History

Confirm with . or Enter, or press ? or * to list all spells.
Aiming: Passwall (safe; 3% risk of failure)
Press: ? - help, Dir - move target A rock wall.
You begin to meditate on the wall.
You continue meditating on the rock. x2
You finish merging with the rock.
The blast of sand hits the orc wizard.
The orc wizard is moderately wounded.
The orc wizard shouts!
You hear a shout! x2
An orc comes into view. It is wielding a +0 hand axe.
The blast of sand hits the orc.
You kill the orc!
The blast of sand hits the orc wizard!!
You kill the orc wizard!
An orc comes into view. It is wielding a +0 war axe.
The blast of sand hits the orc!!
You kill the orc!
You can't see any susceptible monsters within range! (Use Z to cast anyway.)
Found 7 gold pieces.
Autopickup is now on.
Casting: Sandblast (safe; 1% risk of failure)
Confirm with . or Enter, or press ? or * to list all spells.
Aiming: Passwall (safe; 3% risk of failure)
Press: ? - help, Dir - move target A rock wall.
This rock feels extremely deep.
Unknown command.
Casting: Passwall (safe; 3% risk of failure)
Confirm with . or Enter, or press ? or * to list all spells.
Aiming: Passwall (safe; 3% risk of failure)
Press: ? - help, Dir - move target A rock wall.
You miscast Passwall.
You are very lightly contaminated with residual magic.
Nothing appears to happen.
Casting: Passwall (safe; 3% risk of failure)
Confirm with . or Enter, or press ? or * to list all spells.
Okay, then.
Casting: Passwall (safe; 3% risk of failure)
Confirm with . or Enter, or press ? or * to list all spells.
Aiming: Passwall (safe; 3% risk of failure)
Press: ? - help, Dir - move target A rock wall.
You begin to meditate on the wall.
You continue meditating on the rock. x3
You finish merging with the rock.
Found a fine long sword.
Your magical contamination has completely faded away.
You see here the +7 long sword of the Solstice {pain, rC+ MP+9 Dex+2}.
You feel agile.
You have a feeling of ineptitude.
e - the +7 long sword of the Solstice (weapon)
{pain, rC+ MP+9 Dex+2}
Found 9 gold pieces.
Found a fuming yellow potion.
Found an iron altar of Okawaru.
A centaur comes into view.
Found 18 gold pieces.
The centaur shouts!
The centaur wields a +0 shortbow.
The centaur shoots an arrow.
The arrow closely misses you.
Casting: Passwall (safe; 3% risk of failure)
Confirm with . or Enter, or press ? or * to list all spells.
Aiming: Stone Arrow (dangerous; 2% risk of failure)
Press: ? - help, Shift-Dir - straight line, f - centaur
Aim: a centaur, wielding a +0 shortbow (83% to hit)
The stone arrow hits the centaur!
The centaur is heavily wounded.
The centaur shoots an arrow.
The arrow hits you!
Casting: Stone Arrow (dangerous; 2% risk of failure)
Confirm with . or Enter, or press ? or * to list all spells.
Aiming: Stone Arrow (dangerous; 2% risk of failure)
Press: ? - help, Shift-Dir - straight line, f/p - centaur
Aim: a centaur, wielding a +0 shortbow (heavily wounded, 83% to hit)
The stone arrow hits the centaur!
The centaur is almost dead.
The centaur shoots an arrow.
The arrow hits you!
The centaur shoots an arrow.
The arrow closely misses you.
Casting: Stone Arrow (dangerous; 2% risk of failure)
Confirm with . or Enter, or press ? or * to list all spells.
Aiming: Stone Arrow (dangerous; 2% risk of failure)
Press: ? - help, Shift-Dir - straight line, f/p - centaur
Aim: a centaur, wielding a +0 shortbow (almost dead, 83% to hit)
The stone arrow hits the centaur!!
You kill the centaur!
Found a hand axe.
You see here 9 gold pieces.
h - a fuming yellow potion
Found a quarterstaff.
Things that are here:
a +0 shortbow; a centaur corpse
Found a scroll labelled BEIX MY VAGHI.
Found a trident.
i - a scroll labelled BEIX MY VAGHI
Casting: Stone Arrow (dangerous; 2% risk of failure)
Confirm with . or Enter, or press ? or * to list all spells.
Aiming: Passwall (safe; 2% risk of failure)
Press: ? - help, Dir - move target A rock wall.
You begin to meditate on the wall.
You continue meditating on the rock. x3
You finish merging with the rock.
Found a glowing orb.
The blast of sand hits the jelly!!
You kill the jelly!
Your Spellcasting skill increases to level 6!
You can't see any susceptible monsters within range! (Use Z to cast anyway.)
Found 17 gold pieces.
You see here an orb of wrath.
Found a stone staircase leading down.
Found 14 gold pieces.
Found 22 gold pieces.
There is a stone staircase leading down here.
Found a scroll labelled BEIX MY VAGHI.
Found a fuming yellow potion.
i - 2 scrolls labelled BEIX MY VAGHI (gained 1)
As you read the scroll labelled BEIX MY VAGHI, it crumbles to dust.
It is a scroll of enchant weapon.
You aren't carrying any weapons that can be enchanted.
h - 2 fuming yellow potions (gained 1)
Casting: Sandblast (safe; 1% risk of failure)
Confirm with . or Enter, or press ? or * to list all spells.
Aiming: Passwall (safe; 2% risk of failure)
Press: ? - help, Dir - move target A rock wall.
This rock feels extremely deep.
Magic restored.
An orc is nearby!
The blast of sand hits the orc!!
You kill the orc!
You can't see any susceptible monsters within range! (Use Z to cast anyway.)
Things that are here:
a +0 mace; a +0 leather armour
Found a scroll of identify.
Found a stone staircase leading down.
Found a scroll labelled IRPHINWORULA.
r - a scroll of identify
j - a scroll labelled IRPHINWORULA You see here 4 gold pieces.
There is a stone staircase leading down here.
You climb downwards.
You hear the roar of battle.
There is an entrance to a bailey on this level.
Hurry and find it before the portal closes forever!
There is a stone staircase leading up here.
Okay, then.
As you read the scroll of identify, it crumbles to dust.
j - a scroll of magic mapping;
u - a scroll of magic mapping You climb upwards.
Level annotation: Joseph
There is a stone staircase leading down here.
As you read the scroll of magic mapping, it crumbles to dust.
You feel aware of your surroundings.
You sensed 1 shop/portal.
Are you sure you want to abandon this character and quit the game? (Confirm with "yes".)
Okay, then.
Are you sure you want to abandon this character and quit the game? (Confirm with "yes".)

*,****###**** #.#....
#,,,,,..# #......
#.****#.# ####.##
#.#####.# #.#
#....##.# #.#
#....$..# #.#
#.##.#..# ########.#
#.......####........#
#.##.@.......########
#......#######
########


There were no monsters in sight!

Vanquished Creatures
  An orc warrior (D:6)
  A centaur (D:7)
  A phantom (D:4)
  3 wights (D:7)
  Dowan (D:6)
  4 jellies
  2 hounds
  An orc wizard (D:7)
  A hound zombie (D:4)
  5 gnolls
  2 adders
  An ufetubus (D:4)
  8 orcs
  3 ball pythons
  An endoplasm (D:3)
  2 goblins (D:4)
  4 hobgoblins
  2 jackals (D:4)
  A kobold (D:4)
  A bat (D:3)
  A frilled lizard (D:3)
  A rat (D:2)
47 creatures vanquished.

Notes
Turn   | Place    | Note
-------+----------+-------------------------------------------
     0 | D:1      | sentinel the Meteoran Earth Elementalist began the quest
                  | for the Orb.
     0 | D:1      | Reached XP level 1. HP: 14/14 MP: 5/5
    26 | D:2      | Reached skill level 4 in Earth Magic
    26 | D:2      | Reached XP level 2. HP: 17/20 MP: 0/6
    85 | D:3      | Reached skill level 5 in Earth Magic
    85 | D:3      | Reached XP level 3. HP: 9/26 MP: 2/8
    90 | D:3      | Learned a level 2 spell: Passwall
   140 | D:3      | Learned a level 3 spell: Stone Arrow
   156 | D:4      | Reached skill level 1 in Conjurations
   156 | D:4      | Reached XP level 4. HP: 32/33 MP: 2/9
   159 | D:4      | Found a basalt altar of Yredelemnul.
   185 | D:4      | Noticed a phantom
   192 | D:4      | Killed a phantom
   193 | D:4      | Reached XP level 5. HP: 33/38 MP: 1/11
   240 | D:4      | Reached XP level 6. HP: 36/45 MP: 0/12
   309 | D:4      | Reached skill level 6 in Earth Magic
   319 | D:5      | Entered Level 5 of the Dungeon
   329 | D:4      | You fall into a shaft and drop 2 floors!
   340 | D:7      | Reached XP level 7. HP: 50/50 MP: 0/14
   434 | D:6      | Noticed Dowan
   442 | D:6      | Killed Dowan
   443 | D:6      | Noticed Duvessa
   545 | D:5      | Found a hide-covered altar of Uskayaw.
   550 | D:5      | Found a blossoming altar of Fedhas.
   550 | D:5      | Found a glowing silver altar of Zin.
   551 | D:5      | Found a broken altar of Ashenzari.
   616 | D:5      | Reached skill level 5 in Conjurations
   666 | D:7      | Noticed Joseph
   678 | D:6      | Reached skill level 5 in Spellcasting
   678 | D:6      | Reached skill level 7 in Earth Magic
   678 | D:6      | Reached XP level 8. HP: 17/57 MP: 0/16
   748 | D:6      | Found Qeneuc's General Store.
   801 | D:7      | Identified the +7 long sword of the Solstice {pain, rC+
                  | MP+9 Dex+2}
   807 | D:7      | Found an iron altar of Okawaru.
   970 | D:7      | Quit the game

Illustrated notes

Levels and vault maps discovered:
D:1:      evilmike_arrival_crescent, layout_loops_corners, st_stairs_14,
          serial_park_tiny_1
D:2:      layout_rooms, shapermc_ecumenical_altar_rom_forum,
          amcnicky_mini_corridor_feature, nicolae_hexahallways
D:3:      layout_rooms, nicolae_gozag_cash_rules_everything_around_me,
          chequers_serial_rivers_micro_c, uniq_crazy_yiuf_cottage
D:4:      layout_loops_ring, worldfamousw_hep_ancestral_shrine,
          nicolae_yredelemnul_corpse_copse, chequers_arboretum
D:5:      layout_basic, trog_wizard, minitemple
D:6:      layout_loops_ring, minmay_temple_entry_overgrown, serial_shops, shop,
          uniq_grinder, uniq_menkaure, uniq_duvessa
D:7:      layout_loops_cross, okawaru_metal_pillars_3, serial_shops, shop,
          uniq_joseph
D:8:      layout_basic, lemuel_crystal_altar, enter_bailey_3

Skill      XL: |  1  2  3  4  5  6  7  8 |
---------------+-------------------------+-----
Earth Magic    | 4 5 6 7 |  7.7
Conjurations   | 1 2 3 4 5 |  5.0
Spellcasting   | 3 4 5 6 |  6.0
Dodging        | |  2.4
Stealth        | |  1.4
Transmutations | |  1.2

Action                   |  1- 3 |  4- 6 |  7- 9 || total
-------------------------+-------+-------+-------++-------
Melee: Unarmed           |       |     3 |       ||     3
 Cast: Sandblast         |    19 |    25 |    19 ||    63
       Stone Arrow       |     2 |     7 |    16 ||    25
       Passwall          |       |     3 |    19 ||    22
Evoke: Wand              |       |       |     1 ||     1
  Use: Scroll            |       |     2 |     5 ||     7
Armor: Robe              |     2 |    17 |     1 ||    20
Dodge: Dodged            |     5 |    27 |    10 ||    42
